[Event "Early-Titled-Tuesday-Blitz-September-12-2023"]
[Site "Chess.com"]
[Date "2023.09.12"]
[Round "2"]
[White "Kacparov"]
[Black "Fh2411"]
[Result "1-0"]
[WhiteElo "2921"]
[BlackElo "2588"]
[TimeControl "180+1"]
[EndTime "8:18:35 PDT"]
[Termination "Kacparov won on time"]

1. e4 c6 2. d4 d5 3. Nc3 dxe4 4. Nxe4 Nf6 5. Nxf6+ exf6 6. c3 Bd6 7. Bd3 O-O 8. Ne2 Re8 9. Qc2 h5 10. Be3 Nd7 11.
O-O-O Nf8 12. Ng3 Be6 13. Kb1 g6 14. Ne4 Be7 15. c4 b5 16. d5 cxd5 17. cxd5 Qxd5 18. Nc3 Qe5 19. Rhe1 b4 20. Nb5 Rec8 21. Qa4 Qxh2 22. g3 Qg2 23. Bd4 Qd5 24. Be4 Bf5 25. Bxf5 Qxf5+ 26. Ka1 Ne6 27. Be3 Qc2 28. Qxc2 Rxc2 29. Nxa7 b3 30.
Rd7 Bb4 31. Red1 Kg7 32. Kb1 Re2 33. axb3 Nc5 34. R7d4 Rxa7 35. Rxb4 Rc7 36. Rc4 Ne6 37. Rdc1 Rb7 38. R1c2 Re1+ 39. Rc1 Rxc1+ 40. Kxc1 Rxb3 41. Kc2 Rb5 42. b4 f5 43. Kb3 g5 44. Ka4 Rb7 45. b5 f4 46. gxf4 g4 47. f5 Nf8 48. b6 Nd7 49.
Kb5 Kf6 50. Rc7 1-0

[Event "Early-Titled-Tuesday-Blitz-September-12-2023"]
[Site "Chess.com"]
[Date "2023.09.12"]
[Round "2"]
[White "AliKa2810"]
[Black "chessfatbear"]
[Result "1-0"]
[WhiteElo "2579"]
[BlackElo "2832"]
[TimeControl "180+1"]
[EndTime "8:18:37 PDT"]
[Termination "AliKa2810 won on time"]

1. d4 d5 2. c4 e6 3. Nf3 Nf6 4. e3 Be7 5. b3 O-O 6. Bb2 b6 7. Bd3 Bb7 8. O-O Nbd7 9. Nc3 c5 10.
cxd5 exd5 11. Ne2 Rc8 12. dxc5 bxc5 13. Ng3 Re8 14. Rc1 Bf8 15. Re1 Qb6 16. Bf5 Rcd8 17. Qc2 h6 18. Red1 a5 19. Qc3 a4 20. Bb1 axb3 21.
axb3 Ne4 22. Nxe4 dxe4 23. Nd2 Qe6 24. Nc4 Nf6 25. h3 Nd5 26. Qe1 Nb4 27. Qc3 Nd5 28.
Qe1 Nb4 29. Qc3 Qg6 30. Ne5 Qf5 31. Nc4 Nd3 32. Bxd3 Rxd3 33. Rxd3 exd3 34. f3 Qg6 35. e4 f5 36. exf5 Qxf5 37. Nd6 Qg6 38. Nxe8 Bxf3 39. Qd2 Be2 40. Nc7 Bd6 41. Nb5 Bf8 42. Qe3 Qf5 43. Re1 Qf7 44. Nc3 Qxb3 45. Ba1 1-0

[Event "Early-Titled-Tuesday-Blitz-September-12-2023"]
[Site "Chess.com"]
[Date "2023.09.12"]
[Round "2"]
[White "Daniel_Salinas"]
[Black "only_strong_moves"]
[Result "1-0"]
[WhiteElo "2353"]
[BlackElo "2518"]
[TimeControl "180+1"]
[EndTime "8:18:37 PDT"]
[Termination "Daniel_Salinas won on time"]

1. e4 e6 2. d4 d5 3. Nd2 c5 4. Ngf3 cxd4 5. Nxd4 Nc6 6. Bb5 Bd7 7. Nxc6 bxc6 8. Bd3 Bd6 9. Qe2 e5 10. c4 d4 11. c5 Bxc5 12. Nc4 Qc7 13. O-O Ne7 14. f4 Bd6 15. fxe5 Bxe5 16. Nxe5 Qxe5 17. Bf4 Qa5 18. Bd6 Nc8 19. Ba3 Qe5 20. Rac1 Ne7 21. Rc5 Qc7 22. Rc4 Be6 23. Rxd4 O-O 24. Bd6 Qb7 25. e5 Ng6 26. Bxf8 Rxf8 27. Kh1 Bxa2 28. Bc4 Bxc4 29. Rxc4 Re8 30. Rc5 h6 31. Qc4 Nxe5 32. Qc3 Ng4 33. h3 Ne3 34. Re1 Qe7 35. Rxc6 Qg5 36.
Qd2 Re5 37. Rc8+ Kh7 38. Rc3 Ng4 39. Qc2+ g6 40. Rxe5 Nxe5 41. Rc5 Qe3 42. Rc7 Qe1+ 43. Kh2 Qe3 44. Qc3 Qf4+ 45. Kg1 a6 46. Re7 1-0

[Event "Early-Titled-Tuesday-Blitz-September-12-2023"]
[Site "Chess.com"]
[Date "2023.09.12"]
[Round "2"]
[White "carloseduar100"]
[Black "CristianS27"]
[Result "0-1"]
[WhiteElo "2282"]
[BlackElo "2511"]
[TimeControl "180+1"]
[EndTime "8:18:37 PDT"]
[Termination "CristianS27 won by checkmate"]

1. d4 Nf6 2. Bg5 Ne4 3. h4 c5 4. d5 Qb6 5. Nd2 Nxg5 6. hxg5 g6 7. e4 Bg7 8. Rb1 d6 9. Ngf3 h6 10.
gxh6 Rxh6 11. Rxh6 Bxh6 12. Bd3 Bg4 13. Qe2 Nd7 14. c3 Ne5 15. Nc4 Nxc4 16. Bxc4 Kf8 17. e5 Kg7 18. Kf1 Rh8 19. exd6 Qxd6 20. Re1 Bg5 21.
Qe5+ Bf6 22. Qxd6 exd6 23. Bb5 a6 24. Bd3 b5 25. a4 c4 26. Bc2 b4 27. cxb4 Bxb2 28.
Re4 Bxf3 29. gxf3 c3 30. b5 axb5 31. axb5 Rb8 32. Rb4 Rb6 33. Ke2 Kf6 34. Kd3 Ke5 35. Kc4 Kf4 36. Ra4 Kxf3 37. Ra6 Rb8 38. Rxd6 Rb7 39. Rf6+ Ke2 40. f4 Kd2 41. Kb3 Rxb5+ 42. Kc4 Rb8 43. Ba4 Ra8 44. Kb3 Rxa4 45. Kxa4 c2 46. Rc6 Bc3 47. d6 c1=Q 48. d7 Qa1+ 49. Kb5 Qa5+ 50. Kc4 Qb4+ 51. Kd5 Qd4# 0-1

[Event "Early-Titled-Tuesday-Blitz-September-12-2023"]
[Site "Chess.com"]
[Date "2023.09.12"]
[Round "2"]
[White "sebastianmarinp"]
[Black "Orlov_Oleg"]
[Result "1-0"]
[WhiteElo "2408"]
[BlackElo "2577"]
[TimeControl "180+1"]
[EndTime "8:18:39 PDT"]
[Termination "sebastianmarinp won on time"]

1. d4 Nf6 2. c4 e6 3. Nf3 Bb4+ 4. Bd2 Be7 5. g3 d5 6. cxd5 exd5 7. Bg2 O-O 8. O-O c5 9. Nc3 Nc6 10. dxc5 Bxc5 11.
Bg5 d4 12. Bxf6 Qxf6 13. Ne4 Qe7 14. Nxc5 Qxc5 15. Qa4 Re8 16. Rac1 Qb6 17. Rc2 Bf5 18. Rd2 Rad8 19. Rfd1 d3 20. exd3 Qb4 21. Qc2 Bg4 22.
a3 Qb6 23. Qc3 Bxf3 24. Bxf3 Nd4 25. Kg2 Nxf3 26. Kxf3 Rc8 27. Qb4 Qc6+ 28. Kg4 Qe6+ 29. Kf3 Qd5+ 30. Kg4 Qg2 31. f4 h5+ 32. Kh4 Qf3 33. Kh3 Qg4+ 34. Kg2 Re2+ 35. Kg1 Qf3 36.
Rxe2 Qxe2 37. Qd2 Qf3 38. d4 1-0

[Event "Early-Titled-Tuesday-Blitz-September-12-2023"]
[Site "Chess.com"]
[Date "2023.09.12"]
[Round "2"]
[White "DmitryMaximov"]
[Black "MAGMAchess02"]
[Result "1/2-1/2"]
[WhiteElo "2736"]
[BlackElo "2448"]
[TimeControl "180+1"]
[EndTime "8:18:41 PDT"]
[Termination "Game drawn by repetition"]

1. e4 g6 2. d4 Bg7 3. Nc3 c6 4. h3 d5 5. e5 h5 6. Bd3 Nh6 7. Bg5 Bf5 8. Bxh6 Rxh6 9. Bxf5 gxf5 10. Nge2 e6 11. Nf4 h4 12. Qf3 Nd7 13. O-O-O Qe7 14. Kb1 O-O-O 15. Rhe1 Kb8 16. Nce2 Rg8 17. Rc1 Nb6 18. b3 Qa3 19. Qc3 Bf8 20. Qb2 Qa5 21. a4 Rh7 22. Red1 Be7 23. c3 Rhg7 24. Rd3 Qa6 25.
Qc2 Nd7 26. Kb2 c5 27. Re3 Nb6 28. Ra1 Rc8 29. a5 Nd7 30. Qd2 cxd4 31. cxd4 Qb5 32.
Rc3 Rgg8 33. Rac1 Bb4 34. Rxc8+ Rxc8 35. Rxc8+ Kxc8 36. Qc2+ Kb8 37. Nd3 Qxa5 38. Nxb4 Qxb4 39. Qc3 Qb5 40. Qc2 Nb6 41. Kc1 a5 42. g3 hxg3 43. fxg3 Qb4 44. Kd1 a4 45. bxa4 Nxa4 46. h4 Nb2+ 47.
Kc1 Nc4 48. Qd3 Qb2+ 49. Kd1 Qa1+ 50. Kc2 Qb2+ 51. Kd1 Qa1+ 52. Kc2 Qb2+ 53. Kd1 1/2-1/2

[Event "Early-Titled-Tuesday-Blitz-September-12-2023"]
[Site "Chess.com"]
[Date "2023.09.12"]
[Round "2"]
[White "Duhless"]
[Black "Mesa_1"]
[Result "1-0"]
[WhiteElo "2976"]
[BlackElo "2624"]
[TimeControl "180+1"]
[EndTime "8:18:42 PDT"]
[Termination "Duhless won by resignation"]

1. d4 d5 2. Nf3 Nf6 3. Bg5 Ne4 4. Bh4 c5 5. e3 Qb6 6. Nc3 Qa5 7. Bb5+ Bd7 8. Bxd7+ Nxd7 9. O-O Nxc3 10. bxc3 e6 11. c4 dxc4 12. d5 Qa6 13. Rb1 Nf6 14. Bxf6 gxf6 15. dxe6 fxe6 16. Nh4 Bd6 17. Qh5+ Ke7 18. Rfd1 Rad8 19. g3 Rd7 20. Qg4 Re8 21. Qg7+ Kd8 22. Qxf6+ Kc7 23. Qc3 b5 24. Nf3 b4 25. Qe1 Rf8 26.
Qe2 Rdf7 27. Ng5 Rxf2 28. Nxe6+ Kb8 29. Qg4 Qc6 30. e4 R8f7 31. Qg8+ Rf8 32. Nxf8 Rxf8 33. Qd5 Kc7 34. e5 Qxd5 35. Rxd5 Be7 36. Rbd1 Kc6 37. h4 Rf3 38. Rd7 Rxg3+ 39. Kh2 Bxh4 40. R1d6+ Kb5 41. Rb7+ Ka5 42. Rxa7+ Kb5 43. Rb7+ Ka5 44. Rxh7 Rg4 45. Kh3 b3 46. axb3 cxb3 47. cxb3 Rb4 48. Ra7+ Kb5 49. Rb7+ Ka5 50. Rxb4 1-0

[Event "Early-Titled-Tuesday-Blitz-September-12-2023"]
[Site "Chess.com"]
[Date "2023.09.12"]
[Round "2"]
[White "karinachess1"]
[Black "Chessmissile07"]
[Result "1-0"]
[WhiteElo "2600"]
[BlackElo "2895"]
[TimeControl "180+1"]
[EndTime "8:18:42 PDT"]
[Termination "karinachess1 won by checkmate"]

1. d4 d5 2. c4 c6 3. Nf3 Nf6 4. e3 Bf5 5. Nc3 e6 6. Nh4 Be4 7. f3 Bg6 8. Qb3 Qc7 9. Nxg6 hxg6 10. cxd5 exd5 11. Bd2 Bd6 12. O-O-O Nbd7 13. e4 dxe4 14. fxe4 Bf4 15. Bc4 Bxd2+ 16. Rxd2 Nb6 17. e5 Nfd5 18. Bxd5 cxd5 19. Rc2 Qd7 20. Kb1 O-O 21. h4 Rac8 22.
h5 gxh5 23. Rxh5 Qg4 24. Rh1 Qxd4 25. Nb5 Qe4 26. Nd6 Qxc2+ 27. Qxc2 Rxc2 28. Kxc2 Rb8 29. b3 Nd7 30. Re1 Nc5 31. Kc3 Ne6 32. g3 b6 33.
Kd3 Rd8 34. Rc1 f6 35. Nb7 Rd7 36. Rc8+ Kh7 37. Re8 Nc7 38. e6 Rd6 39. Nxd6 Nxe8 40.
Nxe8 Kg6 41. Nc7 Kf5 42. e7 g5 43. e8=Q Kg4 44. Qe6+ f5 45. Nxd5 b5 46. Ne3+ Kxg3 47.
Qxf5 b4 48. Qg4+ Kf2 49. Qg2+ Ke1 50. Qf1# 1-0

[Event "Early-Titled-Tuesday-Blitz-September-12-2023"]
[Site "Chess.com"]
[Date "2023.09.12"]
[Round "2"]
[White "stollenmonster"]
[Black "jeetjain"]
[Result "0-1"]
[WhiteElo "2834"]
[BlackElo "2572"]
[TimeControl "180+1"]
[EndTime "8:18:42 PDT"]
[Termination "jeetjain won by resignation"]

1. e4 Nf6 2. Nc3 d5 3. exd5 Nxd5 4. g3 Nxc3 5. bxc3 e5 6. Bg2 Nc6 7. d3 Bc5 8. Ne2 O-O 9. O-O Bg4 10. h3 Be6 11. c4 Qd7 12. Kh2 f5 13. Be3 Bxe3 14. fxe3 Rae8 15. Nc3 f4 16. exf4 exf4 17. gxf4 Qd4 18. Ne4 Ne7 19. Rb1 Nf5 20. c3 Qd8 21.
Qd2 Nh4 22. Rbd1 Nxg2 23. Qxg2 Qh4 24. Qg3 Qh5 25. Rde1 Bf5 26. Qf3 Qh6 27. Ng5 c6 28. d4 Rxe1 29. Rxe1 Qd6 30. c5 Qc7 31. Re5 h6 32. Ne4 Qf7 33. Nd6 Qxa2+ 34. Kg3 Be6 35.
Re2 Qb3 36. f5 Bd5 37. Qe3 b5 38. Kh4 Qd1 39. Rf2 Qg1 40. Re2 Qh1 41. Rf2 a5 42. f6 g5+ 43. Kh5 g4 44. h4 g3 45. Qxh6 Bf3+ 46. Kg5 Qc1+ 0-1

[Event "Early-Titled-Tuesday-Blitz-September-12-2023"]
[Site "Chess.com"]
[Date "2023.09.12"]
[Round "2"]
[White "shimastream"]
[Black "DavidLana1987"]
[Result "1-0"]
[WhiteElo "2959"]
[BlackElo "2621"]
[TimeControl "180+1"]
[EndTime "8:18:45 PDT"]
[Termination "shimastream won by resignation"]

1. b3 d5 2. Bb2 Nf6 3. Nf3 e6 4. e3 Bd6 5. g4 Nc6 6. g5 Ne4 7.
h4 e5 8. d3 Nc5 9. Nbd2 Bg4 10.
Be2 Qd7 11. a3 a5 12. d4 exd4 13. Nxd4 Bxe2 14. Qxe2 Nxd4 15. Bxd4 Ne6 16. Bb2 O-O-O 17. a4 d4 18. O-O-O dxe3 19. fxe3 Qc6 20. Nc4 Bb4 21.
Ne5 Qe8 22. Rxd8+ Nxd8 23. Rd1 Bd6 24. Nc4 Bb4 25. Bxg7 Rg8 26. Bf6 Nc6 27. Qg4+ Kb8 28. Qd7 Qe4 29. Qxf7 Rf8 30. Qd5 Qxh4 31. e4 Qf4+ 32.
Kb1 h6 33. Bg7 Rd8 34. Qxd8+ Nxd8 35. Rxd8+ Ka7 36. gxh6 Qxe4 37. Bd4+ c5 38. Bg7 Be1 39. Rd7 Qf5 40. Re7 Bh4 41. Re8 Qf1+ 42. Ka2 Qf5 43. Re2 Qg6 44. Rh2 Qg3 45. h7 Qxh2 46. h8=Q Qxc2+ 47. Bb2 Be1 48. Qe5 Bb4 49. Nd6 Qd3 50. Nb5+ Ka6 51. Qb8 Kb6 52. Qc7+ Ka6 53. Qc8 Kb6 54.
Qe6+ 1-0

[Event "Early-Titled-Tuesday-Blitz-September-12-2023"]
[Site "Chess.com"]
[Date "2023.09.12"]
[Round "2"]
[White "seopie"]
[Black "ArtemDyachuk"]
[Result "1-0"]
[WhiteElo "2834"]
[BlackElo "2551"]
[TimeControl "180+1"]
[EndTime "8:18:45 PDT"]
[Termination "seopie won on time"]

1. d4 d5 2. c4 c6 3. Nf3 Nf6 4. e3 Bf5 5. Nc3 e6 6. Nh4 Bg6 7. Bd2 Nbd7 8. Be2 Bd6 9. Nxg6 hxg6 10. Qc2 dxc4 11. Bxc4 Qc7 12. h3 O-O-O 13. O-O-O Rhf8 14. Kb1 e5 15. dxe5 Nxe5 16. Be2 Rfe8 17. Rhf1 Ned7 18. Bc4 Nb6 19. Bb3 Kb8 20. Bc1 Be5 21. Ne2 c5 22.
Rxd8+ Rxd8 23. Rd1 Rc8 24. a3 c4 25. Ba2 Qc6 26. f4 Bc7 27. Nc3 Re8 28. g4 a6 29.
g5 Ne4 30. Rd4 Nxc3+ 31. Qxc3 Qe6 32. h4 Rc8 33. Bxc4 Nxc4 34. Rxc4 Qh3 35. Qe1 Qf5+ 36. e4 Qe6 37. Rc2 Ka7 38. Be3+ Kb8 39. Bc1 Re8 40. e5 f6 41. gxf6 gxf6 42. Qc3 Re7 43. exf6 Rf7 44. Be3 Qxf6 45. Qc5 b6 46. Qc4 Qf5 47. Qxa6 1-0

[Event "Early-Titled-Tuesday-Blitz-September-12-2023"]
[Site "Chess.com"]
[Date "2023.09.12"]
[Round "2"]
[White "bazar-wokzal"]
[Black "Al_Shima"]
[Result "0-1"]
[WhiteElo "2515"]
[BlackElo "2344"]
[TimeControl "180+1"]
[EndTime "8:18:45 PDT"]
[Termination "Al_Shima won by resignation"]

1. e4 d5 2. exd5 Nf6 3. Bb5+ Bd7 4. Bc4 Bg4 5. f3 Bc8 6. Nc3 Nbd7 7. Qe2 Nb6 8. Qd3 g6 9. Bb3 a6 10. Nge2 c6 11. dxc6 Qxd3 12. cxd3 bxc6 13. d4 Bg7 14. d3 O-O 15. Be3 Nfd5 16. Bf2 a5 17. O-O a4 18.
Bc4 a3 19. b3 Nxc3 20. Nxc3 Rd8 21. Ne2 Nd5 22. Rad1 Bh6 23. Bxd5 cxd5 24. f4 Bg4 25.
Rfe1 Bxe2 26. Rxe2 e6 27. g3 Rdc8 28. Kg2 Rc6 29.
Be1 Bf8 30. Kf3 Rac8 31. Ke3 Rc2 32. Rxc2 Rxc2 33. Rd2 Rc1 34. Ke2 Bb4 35. Rd1 Rc2+ 36. Ke3 Bxe1 37. Rxe1 Rxa2 38. Rc1 Rb2 39. Rc8+ Kg7 40.
Ra8 Rxb3 41. g4 Rb2 42. Rxa3 Rxh2 43. g5 h6 44. gxh6+ Rxh6 45. Ra7 Kf6 46. Rb7 Rh7 47.
Kf3 Kf5 48. Ke3 Rh3+ 49. Ke2 f6 50. Rf7 Rh4 51. Ke3 Rxf4 52. Rxf6+ Kxf6 53. Kxf4 g5+ 54. Kg4 Kg6 55. Kf3 Kf5 56. Kg3 g4 0-1

[Event "Early-Titled-Tuesday-Blitz-September-12-2023"]
[Site "Chess.com"]
[Date "2023.09.12"]
[Round "2"]
[White "Zohid6"]
[Black "LuisFSiles"]
[Result "1-0"]
[WhiteElo "2710"]
[BlackElo "2360"]
[TimeControl "180+1"]
[EndTime "8:18:46 PDT"]
[Termination "Zohid6 won by checkmate"]

1. d4 Nf6 2. Nc3 d5 3. Bf4 c5 4. e4 Nxe4 5. Nxe4 dxe4 6. dxc5 Qa5+ 7. c3 Qxc5 8. Qa4+ Nc6 9. Qxe4 Bf5 10. Qa4 e5 11. Be3 Qa5 12. Qxa5 Nxa5 13. O-O-O Nc6 14.
Bc4 Be7 15. Ne2 Rc8 16. Ng3 Bg6 17. Bd3 Bxd3 18. Rxd3 g6 19. Rhd1 Rd8 20. Rxd8+ Bxd8 21. Ne4 Be7 22. b4 f5 23. Nd6+ Bxd6 24. Rxd6 a6 25. a4 Rf8 26. b5 axb5 27. axb5 Nd8 28. Rd5 e4 29. c4 Rf7 30. Kc2 Rd7 31. Re5+ Re7 32.
Rc5 Ne6 33. Rc8+ Kd7 34. Rb8 Kc7 35. Ba7 f4 36. Rh8 Ng5 37. h4 Ne6 38. Kc3 b6 39. Rb8 e3 40. fxe3 fxe3 41. Rxb6 e2 42. Rc6+ Kb7 43.
Bf2 Nf4 44. Rb6+ Kc7 45. Rc6+ Kb7 46. g3 Ng2 47. c5 e1=Q+ 48. Bxe1 Nxe1 49. Rf6 Re3+ 50.
Kd4 Rxg3 51. Rf7+ Kc8 52. c6 Nc2+ 53. Kc5 Na3 54. Rf8+ Kc7 55. b6# 1-0

[Event "Early-Titled-Tuesday-Blitz-September-12-2023"]
[Site "Chess.com"]
[Date "2023.09.12"]
[Round "2"]
[White "Jackalhead_Anubis"]
[Black "Willychess95"]
[Result "0-1"]
[WhiteElo "2412"]
[BlackElo "2704"]
[TimeControl "180+1"]
[EndTime "8:18:47 PDT"]
[Termination "Willychess95 won by resignation"]

1. e4 c5 2. Nf3 d6 3. d4 cxd4 4. Nxd4 Nf6 5. Nc3 g6 6. Be3 a6 7. f3 Bg7 8. g4 b5 9. a4 bxa4 10. Rxa4 O-O 11. h4 Bb7 12. h5 e5 13.
Nde2 d5 14. hxg6 d4 15. Nxd4 exd4 16. Rxd4 Qc7 17. g5 Qg3+ 18. Ke2 fxg6 19. gxf6 Bxf6 20. Rh3 Qc7 21. Rd3 a5 22. Kf2 Ba6 23. Nd5 Qf7 24.
Nxf6+ Qxf6 25. Rd6 Qf7 26. c4 Bc8 27. Rh1 Nd7 28. c5 Ne5 29. Be2 Ba6 30. Rxa6 Rxa6 31. Bxa6 Nxf3 32. Ke2 Qa2 33. Qc2 Ne5 34. Bd4 Qe6 35.
Bxe5 Qg4+ 36. Kd2 Rf2+ 37. Kc1 Rxc2+ 38. Kxc2 Qxe4+ 39. Kb3 Qxh1 40. Bc4+ Kf8 41. Bd6+ Ke8 42. Bb5+ Kd8 43. c6 Qd1+ 44. Ka3 Qxd6+ 45. Ka4 Kc7 46. Kb3 Kb6 47. Bc4 Qxc6 48. Kc3 Qc5 49. b3 Qb4+ 50.
Kb2 Kc5 51. Ka2 a4 52. Bg8 axb3+ 53. Bxb3 Kd4 54. Bg8 Kc3 0-1

[Event "Early-Titled-Tuesday-Blitz-September-12-2023"]
[Site "Chess.com"]
[Date "2023.09.12"]
[Round "2"]
[White "Hope_6"]
[Black "IngOscarArdila"]
[Result "1-0"]
[WhiteElo "2704"]
[BlackElo "2317"]
[TimeControl "180+1"]
[EndTime "8:18:48 PDT"]
[Termination "Hope_6 won by resignation"]

1. d4 Nf6 2. c4 e6 3. Nf3 Bb4+ 4.
Nbd2 O-O 5. a3 Be7 6. e4 d6 7. Bd3 Nbd7 8. O-O e5 9. b4 Re8 10. Bb2 exd4 11. Nxd4 Ne5 12. Bc2 c5 13. N4f3 Bg4 14.
bxc5 Nxf3+ 15. Nxf3 dxc5 16. e5 Qxd1 17. Raxd1 Nh5 18.
Be4 Nf4 19. h3 Be6 20. Bd5 Red8 21. Bxe6 Nxe6 22. g3 Kf8 23. Rd5 Nc7 24. Rdd1 Ke8 25. Kg2 Rxd1 26. Rxd1 Rd8 27. Rxd8+ Kxd8 28. Nd2 Kd7 29. f4 g6 30. Kf3 h5 31. g4 hxg4+ 32.
hxg4 a6 33. Ke4 Kc6 34. f5 gxf5+ 35. gxf5 b5 36. cxb5+ axb5 37. Nf3 Nd5 38. f6 Bf8 39.
Ng5 Nb6 40. Nxf7 Nc4 41. Bc1 Kd7 42. Ng5 b4 43. axb4 cxb4 44. e6+ Kd8 45. Kd5 Nb6+ 46. Kc6 Nc8 47. Nf7+ Ke8 48. Ne5 b3 49. Ng6 Bb4 50. f7+ Kd8 51. Bg5+ Be7 1-0

[Event "Early-Titled-Tuesday-Blitz-September-12-2023"]
[Site "Chess.com"]
[Date "2023.09.12"]
[Round "2"]
[White "Cheer_Down"]
[Black "Boundless_Strike"]
[Result "1-0"]
[WhiteElo "2403"]
[BlackElo "2637"]
[TimeControl "180+1"]
[EndTime "8:18:48 PDT"]
[Termination "Cheer_Down won by checkmate"]

1. e4 d6 2. d4 e5 3. Nf3 Bg4 4.
dxe5 Nc6 5. Be2 Qd7 6. exd6 Bxd6 7. Bg5 f6 8. Bh4 O-O-O 9. Nbd2 Qe7 10. c3 Nh6 11.
Qc2 Bf4 12. O-O-O Bxf3 13. gxf3 Rxd2 14. Rxd2 Rd8 15. Rd1 Nf5 16. Bg3 Nxg3 17. hxg3 Rxd2 18. Rxd2 Bxd2+ 19. Qxd2 g5 20. Qd5 Ne5 21. f4 gxf4 22.
gxf4 Nf7 23. Bg4+ Kb8 24. Bh5 Nd8 25. e5 a6 26. Bf3 c6 27. Qe4 Nf7 28. Bh5 fxe5 29.
Bxf7 Qxf7 30. Qxe5+ Ka7 31. f5 Qh5 32. Qc5+ Kb8 33.
Qe5+ Ka7 34. f4 Qh1+ 35. Kc2 Qg2+ 36. Kb3 a5 37. Qxa5+ Kb8 38. Qe5+ Ka7 39. f6 b5 40. f7 Qf1 41. Qc5+ Ka6 42. Qxc6+ Ka5 43. Qc7+ Ka6 44. Qd6+ Ka5 45. Qb4+ Kb6 46. f8=Q Qc1 47. Ka3 Qe3 48. Qfc5+ Ka6 49. Qxe3 h5 50. Qe6+ Ka7 51. Qbe7+ Ka8 52. Qg8# 1-0

[Event "Early-Titled-Tuesday-Blitz-September-12-2023"]
[Site "Chess.com"]
[Date "2023.09.12"]
[Round "2"]
[White "Tsyhanchuk_Stanislav"]
[Black "Kirill_Klukin"]
[Result "1-0"]
[WhiteElo "2434"]
[BlackElo "2747"]
[TimeControl "180+1"]
[EndTime "8:18:48 PDT"]
[Termination "Tsyhanchuk_Stanislav won by resignation"]

1. e4 c5 2. c4 Nc6 3. Nc3 g6 4.
g3 Bg7 5. Bg2 e6 6. Nge2 Nge7 7.
O-O O-O 8. d3 d6 9. a3 a6 10.
Rb1 Rb8 11. b4 cxb4 12. axb4 b5 13. cxb5 axb5 14. d4 Bd7 15. Be3 Qc7 16. Qd2 Rfc8 17. Rfc1 Qd8 18. h4 h5 19. Bh6 Bh8 20. Bf4 e5 21. dxe5 dxe5 22. Bg5 Be6 23. Nd5 Bxd5 24. exd5 Nd4 25. Nxd4 exd4 26. Re1 f6 27. Bf4 Rb6 28. Qxd4 Nf5 29. Re8+ Qxe8 30. Qxb6 Bg7 31. d6 Qd7 32. Rd1 Bf8 33. Qb7 Rd8 34. Qxd7 Rxd7 35. Bc6 Rxd6 36. Bxd6 Bxd6 37. Bd7 Bxb4 38. Bxf5 gxf5 39. Rd5 Bc3 40. Rxb5 Be5 41. f4 Bd4+ 42. Kg2 Kg7 43. Rxf5 Kg6 44. Rb5 Bc3 45. f5+ Kg7 46. Kh3 Kh6 47. g4 hxg4+ 48. Kxg4 Bd4 49. Rb8 Kg7 50. Kh5 1-0

[Event "Early-Titled-Tuesday-Blitz-September-12-2023"]
[Site "Chess.com"]
[Date "2023.09.12"]
[Round "2"]
[White "stasOR4ik"]
[Black "Shockerlover"]
[Result "1-0"]
[WhiteElo "2444"]
[BlackElo "2000"]
[TimeControl "180+1"]
[EndTime "8:18:48 PDT"]
[Termination "stasOR4ik won on time"]

1. e4 c5 2. c3 Nc6 3. d4 cxd4 4. cxd4 d5 5. Bb5 e6 6. exd5 exd5 7. Nf3 Bd6 8. Nc3 Be6 9. O-O Ne7 10. Ng5 O-O 11.
Nxe6 fxe6 12. Re1 Rf6 13. Qg4 Rg6 14. Qh3 Nf5 15. Nxd5 Ncxd4 16. Bd3 exd5 17. Bxf5 Nxf5 18. Qxf5 Bc5 19. Be3 Bxe3 20. Rxe3 Rf6 21. Qg4 Qb6 22. b3 Raf8 23. h3 h6 24. Rf1 R8f7 25. Re8+ Kh7 26. Qg3 Rg6 27. Qb8 Rgf6 28. Rh8+ Kg6 29. Qg3+ Kf5 30.
Qg4+ Ke5 31. Re1+ Kd6 32. Qg3+ Kc5 33. Rc8+ Kb5 34. Qd3+ Ka5 35. Qc3+ Qb4 36. Rc5+ b5 37. Qxb4+ Kxb4 38. Rxd5 Ka3 39. Rxb5 Kxa2 40. Ra5+ Kxb3 41. Re3+ Kc2 42. f3 Kd2 43. Kf2 Rc6 44. Ra2+ Rc2 45.
Re2+ Kd3 46. Raxc2 1-0

[Event "Early-Titled-Tuesday-Blitz-September-12-2023"]
[Site "Chess.com"]
[Date "2023.09.12"]
[Round "2"]
[White "JaloliddinIlkhomi"]
[Black "Andreikka"]
[Result "0-1"]
[WhiteElo "2630"]
[BlackElo "2999"]
[TimeControl "180+1"]
[EndTime "8:18:49 PDT"]
[Termination "Andreikka won on time"]

1. Nf3 d5 2. d4 Nf6 3. Bf4 c5 4. e3 e6 5. c3 Qb6 6. Qb3 Nc6 7. Nbd2 Be7 8. Ne5 O-O 9. Be2 Nd7 10. Nxd7 Bxd7 11.
O-O Rac8 12. Rac1 Rfd8 13. Nf3 Na5 14. Qxb6 axb6 15. Ne5 Be8 16. f3 f6 17. Nd3 Nc4 18.
Rfd1 g5 19. b3 gxf4 20. bxc4 fxe3 21. Nf4 Bf7 22. cxd5 exd5 23. Rb1 Bd6 24. Nd3 cxd4 25. cxd4 Rc6 26. Rb3 Ra8 27. Rb2 Bg6 28. Ne1 Ra3 29. Bb5 Rcc3 30. Be2 Bc7 31. g3 h5 32. Ng2 Kg7 33.
Nh4 Bh7 34. Re1 Ra4 35. Rd1 Kf7 36. Bb5 Ra5 37. Be2 Bd8 38. Ng2 Bc7 39. Ne1 Ke7 40. Ng2 Kd8 41. Ne1 Rc6 42. Ng2 Rc2 43. Rxc2 Bxc2 44.
Ra1 Rxa2 45. Nxe3 Rxa1+ 46. Kf2 Ra5 47. Kg2 Bg6 48. Nd1 b5 49. Nc3 b4 50. Nd1 Ra2 51. Kf1 b3 0-1

[Event "Early-Titled-Tuesday-Blitz-September-12-2023"]
[Site "Chess.com"]
[Date "2023.09.12"]
[Round "2"]
[White "turayev_shahruh17"]
[Black "subham777"]
[Result "1/2-1/2"]
[WhiteElo "2820"]
[BlackElo "2557"]
[TimeControl "180+1"]
[EndTime "8:18:49 PDT"]
[Termination "Game drawn by repetition"]

1. d4 d5 2. c4 e6 3. Nf3 Nf6 4.
g3 Be7 5. Bg2 O-O 6. O-O dxc4 7.
Qc2 a6 8. Qxc4 b5 9. Qc2 Bb7 10.
Bd2 Be4 11. Qc1 Nbd7 12. Ba5 Rc8 13. Nbd2 Bb7 14. Qc2 Nb6 15. b4 Qd5 16. Nh4 Qxd4 17. Bxb7 Rb8 18. Nhf3 Qg4 19. Bxa6 Bxb4 20. h3 Qxh3 21.
Bxb4 Rfd8 22. Qxc7 Nbd5 23. Qc5 Ng4 24. a3 Nde3 25.
Qxe3 Nxe3 26. fxe3 Qxg3+ 27. Kh1 Rd5 28. Nh2 Qxe3 29.
a4 bxa4 30. Rxa4 Rxd2 31. Bxd2 Qxd2 32. Nf3 Qh6+ 33. Kg2 Qg6+ 34. Kf2 Qc2 35. Rfa1 Qc5+ 36. e3 Rb2+ 37. Be2 h6 38. Ra8+ Kh7 39. R8a2 Qc2 40. Rxb2 Qxb2 41. Rd1 g6 42. Rd4 Kg7 43. Rd7 Qb6 44.
Ne5 Kf6 45. Nxf7 Qc6 46. Ra7 Qh1 47. Nh8 Qh2+ 48. Kf1 Qh1+ 49. Kf2 Qh4+ 50. Kf1 Qh1+ 51. Kf2 1/2-1/2

[Event "Early-Titled-Tuesday-Blitz-September-12-2023"]
[Site "Chess.com"]
[Date "2023.09.12"]
[Round "2"]
[White "Bugcrusher"]
[Black "AradNazari"]
[Result "1-0"]
[WhiteElo "2458"]
[BlackElo "2729"]
[TimeControl "180+1"]
[EndTime "8:18:49 PDT"]
[Termination "Bugcrusher won by resignation"]

1. d4 Nf6 2. c4 g6 3. Nc3 d5 4. cxd5 Nxd5 5. e4 Nxc3 6. bxc3 Bg7 7. Bc4 c5 8. Be3 O-O 9. Ne2 Nc6 10. Rc1 Bg4 11.
f3 Bd7 12. h4 Qa5 13. Kf1 Rfd8 14. h5 cxd4 15. cxd4 Be8 16. hxg6 hxg6 17. Bb3 Nxd4 18. Nxd4 e5 19. Bd2 Qa6+ 20. Bc4 b5 21. Bd5 Rxd5 22. exd5 exd4 23. Bh6 Bf6 24. Qd2 Qd6 25.
Bg5 Be5 26. Qf2 Qxd5 27. Qh4 Bg7 28. Bf6 Qh5 29. Bxg7 Qxh4 30. Rxh4 Kxg7 31. Rxd4 a5 32. Rc7 Kf8 33. a3 Rb8 34. Ra7 b4 35. Rxa5 bxa3 36.
Rxa3 Rb1+ 37. Kf2 Rb2+ 38. Kg3 Rb7 39. Rc3 Bd7 40. Kf4 Be6 41. g4 Kg7 42. Kg3 Kf6 43. f4 Rb5 44. Re3 Ra5 45. Rde4 Rb5 46. Re5 Rb4 47. Rc5 Ra4 48. Rf3 Rb4 49. f5 gxf5 50. gxf5 Bb3 51. Rc6+ Kg5 52. f6 Kg6 53. Rf4 Rb5 54.
Rg4+ Kf5 55. Rf4+ Kg6 56. Rc8 Be6 57. Rg8+ Kh7 58. Rg7+ Kh6 59. Rh4+ Rh5 60. Rxh5+ Kxh5 61. Kf4 Kh6 62. Ke5 Ba2 63. Kd6 Bb3 64. Ke7 1-0